 Dungeon Crawl Stone Soup version 0.17-a0-125-g34d91a1 (webtiles) character file.

986 Ngotmuk the Shield-Bearer (level 7, -6/64 HPs)
             Began as a Deep Dwarf Fighter on Mar 22, 2015.
             Mangled by Blork the orc
             ... wielding a +2 vampiric scimitar
              (7 damage)
             ... on level 5 of the Dungeon on Mar 23, 2015.
             The game lasted 00:13:41 (3475 turns).

Ngotmuk the Shield-Bearer (Deep Dwarf Fighter)      Turns: 3475, Time: 00:13:42

Health: -6/64      AC:  7    Str: 22    XL:     7   Next: 97%
Magic:  7/7        EV: 12    Int:  8    God:
Gold:   259        SH: 10    Dex: 15    Spells: 0 memorised, 6 levels left

rFire  . . .     SeeInvis .     u - +2 mace (holy)
rCold  + . .     Clarity  .     w - +1 leather armour {rC+} (curse)
rNeg   . . .     SustAb   .     c - +0 shield
rPois  .         Gourm    .     p - +0 helmet
rElec  .         Spirit   .     (no cloak)
rCorr  +         Warding  .     i - +0 pair of gloves
rMut   .         Stasis   .     (no boots)
MR     +....                    r - amulet of resist corrosion
Stlth  ++........               g - +3 ring of dexterity
                                h - ring of stealth

@: non-regenerating, somewhat resistant to hostile enchantments, unstealthy
A: damage resistance, recharge devices, sense surroundings 1, slow healing 3
a: Device Recharging


You were on level 5 of the Dungeon.
You were not hungry.

You visited 1 branch of the dungeon, and saw 5 of its levels.

You collected 259 gold pieces.

Inventory:

Hand weapons
 u - a +2 mace of holy wrath (weapon)
Armour
 c - a +0 shield (worn)
 i - a +0 pair of gloves (worn)
 p - a +0 helmet (worn)
 w - a cursed +1 leather armour of cold resistance (worn)
Jewellery
 g - a +3 ring of dexterity (right hand)
 h - a ring of stealth (left hand)
 r - an amulet of resist corrosion (around neck)
Magical devices
 d - a wand of heal wounds (0)
 F - a wand of teleportation (5)
Scrolls
 n - a scroll of fear
 o - 2 scrolls of remove curse
 y - 3 scrolls of identify
Potions
 e - a potion of might
 l - a potion of cancellation
 m - 2 potions of curing
 D - a potion of restore abilities
Books
 a - a book of Spatial Translocations

   Spells                             Type                      Level
   a - Apportation                    Translocation                1
   b - Blink                          Translocation                2
   c - Shroud of Golubria             Charms/Translocation         2
   d - Portal Projectile              Translocation                3
   e - Teleport Other                 Translocation                3
   f - Passage of Golubria            Translocation                4
Comestibles
 b - a beef jerky
 f - 5 bread rations
 t - 5 meat rations


   Skills:
 + Level 4.2 Fighting
 + Level 4.9 Maces & Flails
 + Level 5.1 Armour
 * Level 4.8 Dodging
 + Level 5.4 Shields


You had 6 spell levels left.
You didn't know any spells.

Dungeon Overview and Level Annotations

Branches:
Dungeon (5/15)
 Temple: D:4-7

Altars:
Elyvilon
Trog
Xom
Yredelemnul
Zin
The Shining One

Shops:
D:4 =

Annotations:
D:5 Blork the orc


Innate Abilities, Weirdness & Mutations

You are resistant to damage.
You can recharge devices by infusing magical energy.
You passively map a small area around you.
You do not heal naturally.


Message History

You closely miss something.
You hear some strange, mumbled words.
The puff of frost hits you!
You hit something.
You hear some strange, mumbled words.
The magic dart hits you!
* * * LOW HITPOINT WARNING * * *
Something barely misses you.
You miss something.
You hear some strange, mumbled words.
The puff of frost hits you! You resist. Something hits you.
* * * LOW HITPOINT WARNING * * *
You thump something! Something hits you!
* * * LOW HITPOINT WARNING * * *
You closely miss something. Something hits you!
* * * LOW HITPOINT WARNING * * *
You hear some strange, mumbled words.
You block the puff of flame.
You barely miss something. Something hits you!
You die...

# *##.## #.##
#.##..... #.#
#.#.#####.##.....
#.##.###.............
#...# ##.###.###....
####.###.## #.# #....
* * #.#.## #.# #.###
* #.## #.# #.#
#.########(#
#.###.###
#...ooo{@)(#
#........
############
#########


You could see 3 orcs.

Vanquished Creatures
  The ghost of Ngotmuk the Shield-Bearer, an average DDFi of Ru (D:4)
  Menkaure (D:5)
  An ice beast (D:5)
  A giant frog zombie (D:5)
  A crimson imp (D:3)
  3 orc priests
  A hound (D:4)
  3 worker ants
  A centaur skeleton (D:4)
  3 orc wizards
  Natasha (D:5)
  Ijyb (D:2)
  4 adders
  A worm (D:2)
  An adder skeleton (D:4)
  3 giant geckos
  2 oozes
  9 orcs
  9 bats
  6 giant cockroaches
  8 goblins
  9 hobgoblins
  11 jackals
  A quokka (D:2)
  4 giant newts
  8 kobolds
  9 rats
103 creatures vanquished.

Notes
Turn   | Place    | Note
--------------------------------------------------------------
     0 | D:1      | Ngotmuk, the Deep Dwarf Fighter, began the quest for the Orb.
     0 | D:1      | Reached XP level 1. HP: 20/20 MP: 1/1
    68 | D:1      | Reached XP level 2. HP: 27/27 MP: 2/2
   941 | D:1      | Reached XP level 3. HP: 31/33 MP: 3/3
   959 | D:2      | Found a bloodstained altar of Trog.
  1184 | D:2      | Noticed Ijyb
  1193 | D:2      | Killed Ijyb
  1777 | D:3      | Reached skill level 4 in Shields
  1777 | D:3      | Reached XP level 4. HP: 37/42 MP: 4/4
  1859 | D:3      | Reached XP level 5. HP: 43/49 MP: 5/5
  1868 | D:3      | Found a white marble altar of Elyvilon.
  2309 | D:3      | Found a basalt altar of Yredelemnul.
  2310 | D:3      | Noticed a profane servitor
  2318 | D:3      | Found a glowing golden altar of the Shining One.
  2319 | D:3      | Noticed an angel
  2483 | D:4      | Found Fruragui's Jewellery Shop.
  2490 | D:4      | Reached skill level 1 in Dodging
  2530 | D:4      | Noticed an angel
  2533 | D:4      | Found a shimmering altar of Xom.
  2535 | D:4      | Found a glowing silver altar of Zin.
  2720 | D:4      | Noticed Ngotmuk's ghost (average DDFi)
  2729 | D:4      | HP: 1/49 [Ngotmuk's ghost (9)]
  2737 | D:4      | Killed Ngotmuk's ghost
  2737 | D:4      | Reached XP level 6. HP: 23/57 MP: 6/6
  2795 | D:4      | Reached XP level 7. HP: 18/63 MP: 7/7
  3102 | D:5      | Entered Level 5 of the Dungeon
  3109 | D:5      | Reached skill level 5 in Shields
  3188 | D:5      | Noticed Menkaure
  3193 | D:5      | Killed Menkaure
  3196 | D:5      | Reached skill level 5 in Armour
  3299 | D:5      | Noticed Natasha
  3300 | D:5      | Upgraded the game from 0.17-a0-121-gf94917f to 0.17-a0-125-g34d91a1
  3312 | D:5      | Killed Natasha
  3455 | D:5      | Noticed Blork the orc
  3474 | D:5      | HP: 1/64 [something (5)]
  3475 | D:5      | Mangled by Blork the orc

Action                   |  1- 3 |  4- 6 |  7- 9 || total
-------------------------+-------+-------+-------++-------
Melee: Flail             |    88 |       |       ||    88
       Mace              |     3 |    94 |   103 ||   200
Evoke: Wand              |       |     3 |     2 ||     5
  Use: Scroll            |       |       |    11 ||    11
       Potion            |       |       |     8 ||     8
 Stab: Sleeping          |       |     4 |     1 ||     5
       Invisible         |       |       |     2 ||     2
  Eat: Meat ration       |     1 |       |       ||     1
       Bread ration      |       |     1 |       ||     1
